AoeStats
← Marbas

Four Lakes

507849251Analyzed
1v1 RM · 12d ago on Sep 19, 2026· 46m 32s· 2 players
Game mode
Random Map
Map size
Tiny (2 player)
Population
200
Speed
Normal
Resources
Standard
Victory
Conquest
Starting age
Dark Age
Ending age
Imperial Age
RankedLock teamsTeams togetherTeam positionsShared explorationLock speedFull tech treeHidden civsTurbo modeCheats
Victory
Defeat
🇵🇪 Koreans · Peru
1757
+19
🇷🇺 Japanese · Russia
1815
-19
LE | Dia franptom
7:08 Loom
9:45 Feudal Age
10:16 Double-Bit Axe
16:01 Fletching
27:19 Castle Age
26:35 Scale Mail Armor
27:25 Elite Skirmisher
28:33 Chain Mail Armor
32:31 Wheelbarrow
31:41 Town Watch
32:53 Squires
34:51 Gold Mining
39:40 Ballistics
39:31 Masonry
39:37 Hand Cart
41:37 Gold Shaft Mining
40:56 Fishing Lines
41:26 Bodkin Arrow
Marbas
0:32 Loom
10:41 Feudal Age
11:17 Double-Bit Axe
13:28 Fletching
13:31 Loom
20:16 Castle Age
21:16 Padded Archer Armor
22:18 Husbandry
22:24 Bodkin Arrow
24:01 Gold Mining
24:44 Bow Saw
26:19 Scale Barding Armor
32:25 Town Watch
33:14 Thumb Ring
37:43 Bloodlines
38:30 Leather Archer Armor
39:06 Horse Collar
40:24 Wheelbarrow
41:27 Ballistics
43:16 Elite Skirmisher
Connection lost

Rejoining the realm…

Still unreachable

The connection could not be restored.

Session expired

The server has moved on; the page needs a fresh start.